 Dungeon Crawl Stone Soup version 0.27.0-1-g7a089689b8 (webtiles) character file.

Game seed: 2726414699987096377

741 dolemite99 the Ducker (level 7, -23/60 HPs)
             Began as a Gnoll Monk on Aug 4, 2021.
             Was a Believer of Fedhas.
             Annihilated by an ogre (24 damage)
             ... on level 5 of the Dungeon.
             The game lasted 00:07:00 (5100 turns).

dolemite99 the Ducker (Gnoll Monk)                  Turns: 5100, Time: 00:07:00

Health: -23/60     AC:  8    Str: 12    XL:     7   Next: 75%
Magic:  10/11      EV: 11    Int:  9    God:    Fedhas [**....]
Gold:   225        SH:  5    Dex: 15    Spells: 11/11 levels left

rFire    . . .     SeeInvis .   a - +0 falchion
rCold    . . .     Faith    .   (no shield)
rNeg     . . .     Spirit   .   e - +0 scale mail
rPois    .         Reflect  +   (no helmet)
rElec    .         Harm     .   (no cloak)
rCorr    .         Rampage  .   C - +0 pair of gloves
Will     +....                  j - +0 pair of boots
Stlth    ++........             l - amulet of reflection
HPRegen  0.20/turn              k - ring of willpower
MPRegen  0.12/turn              (no ring)

@: no status effects
A: fangs 1, strong nose, distributed training
a: Renounce Religion, Wall of Briars


You were on level 5 of the Dungeon.
You worshipped Fedhas.
Fedhas was pleased with you.
You visited 1 branch of the dungeon, and saw 5 of its levels.

You collected 225 gold pieces.

Inventory:

Hand Weapons
 a - a +0 falchion (weapon)
 d - a +2 hand axe of pain
 s - a +0 halberd
Missiles
 c - 58 arrows
 g - 102 stones (quivered)
 y - 40 bolts
Armour
 b - a +0 robe
 e - a +0 scale mail (worn)
 j - a +0 pair of boots (worn)
 u - a +0 scale mail
 v - a +0 kite shield
 C - a +0 pair of gloves (worn)
Jewellery
 f - an amulet of reflection
 k - a ring of willpower (left hand)
 l - an amulet of reflection (around neck)
Scrolls
 h - 2 scrolls of immolation
 m - a scroll of blinking {unknown}
 o - 3 scrolls of teleportation
 p - a scroll of holy word {unknown}
 q - a scroll of fear {unknown}
 r - 2 scrolls of noise {unknown}
 t - 2 scrolls of enchant armour {unknown}
 D - a scroll of fog {unknown}
Potions
 w - a potion of ambrosia {unknown}
 x - a potion of haste {unknown}
 z - a potion of attraction
 A - a potion of degeneration {unknown}
 B - a potion of berserk rage {unknown}
 E - a potion of resistance {unknown}
 F - a potion of flight {unknown}


   Skills:
 + Level 7.1 Fighting
 + Level 2.7 Short Blades
 + Level 7.1 Long Blades
 + Level 2.7 Axes
 + Level 2.7 Maces & Flails
 + Level 2.7 Polearms
 + Level 2.7 Staves
 + Level 2.7 Slings
 + Level 2.7 Bows
 + Level 2.7 Crossbows
 + Level 2.7 Throwing
 + Level 2.7 Armour
 + Level 7.1 Dodging
 + Level 5.0 Stealth
 + Level 2.7 Shields
 + Level 2.7 Unarmed Combat
 + Level 2.7 Spellcasting
 + Level 2.2 Conjurations
 + Level 2.2 Hexes
 + Level 2.2 Summonings
 + Level 2.2 Necromancy
 + Level 2.2 Translocations
 + Level 2.2 Transmutations
 + Level 2.2 Fire Magic
 + Level 2.2 Ice Magic
 + Level 2.2 Air Magic
 + Level 2.2 Earth Magic
 + Level 2.2 Poison Magic
 + Level 3.0 Invocations
 + Level 2.7 Evocations


You had 11 spell levels left.
You didn't know any spells.
Your spell library was empty.

Dungeon Overview and Level Annotations

Branches:
Dungeon (5/15)             Temple (0/1) D:4

Altars:
Fedhas
Kikubaaqudgha

Annotations:
D:3 Natasha, Sigmund


Innate Abilities, Weirdness & Mutations

You have very sharp teeth.
Your uncanny sense of smell can sniff out nearby items.
Your experience applies equally to all skills.


Message History

The howler monkey hits you but does no damage.
The ogre misses you.
The phantom hits you but does no damage.
The howler monkey hits you.
* * * LOW HITPOINT WARNING * * *
You completely miss the howler monkey.
The howler monkey is almost dead.
The ogre closely misses you. The phantom misses you.
The howler monkey hits you.
* * * LOW HITPOINT WARNING * * *
You hit the howler monkey but do no damage.
The howler monkey is almost dead.
Your briar patch disappears in a puff of smoke!
The howler monkey hits you.
* * * LOW HITPOINT WARNING * * *
The phantom hits you but does no damage.
You block the ogre's attack.
You slash the howler monkey!
You kill the howler monkey!
Fedhas appreciates your contribution to the ecosystem.
The phantom hits you but does no damage.
Your Invocations skill increases to level 3!
You see here a howler monkey corpse.
Your briar patch disappears in a puff of smoke!
There is an open door here.
You see here a stone.
g - 102 stones (gained 1)
You block the ogre's attack. The hound zombie closely misses you.
You hit the ogre. You bite the ogre.
The ogre is heavily wounded.
The hound zombie closely misses you.
You riposte.
You hit the hound zombie.
You destroy the hound zombie!
Fedhas accepts your kill.
The ogre hits you with a +0 giant spiked club!
* * * LOW HITPOINT WARNING * * *
You hit the ogre.
The ogre is severely wounded.
The ogre hits you with a +0 giant spiked club!!
You die...
Fedhas appreciates your contribution to the ecosystem.

*,*,,,,+*****,,*#######.#.#####
,,*,,,,**∆∆∆**+*,,** #.#.....#
*,**,,**,,,,,**,,,,* #.#.###.#
,,**+**,,,,,,,+,,,,* #.#.# #.#
,**..**,,,8,,,**,,** #.#####†#
,*,...+,,,,,,,##+#* #....##.#
,*,,..#*,,,,,##..######..#.##.#
,**,,#'#*∆∆∆##.W..#......#>...#
,,**##..#*###'.O@.#.###.#######**
,,,,#....##..##..##.# #...,,,,,,,
*,,,#.(((†.§W.#####.#######******
,,,∆##..##..§.#.........# *
,*,,,#***##§.##.....###.# *
,,,*,* *,*##'##########.## *
,***,***,* #.............# *
,*,,,,,*,* ##.############ *
,*,*,*,*,***#)# *


You could see a phantom and an ogre.

Vanquished Creatures
  A wraith (D:5)
  An orc warrior (D:5)
  An ogre (D:4)
  A bullfrog (D:3)
  A howler monkey (D:5)
  A hound (D:5)
  An iguana (D:3)
  A hound zombie (D:5)
  A hound skeleton (D:5)
  8 adders
  4 gnolls (D:4)
  A white imp (D:5)
  A worm (D:2)
  3 dart slugs
  6 orcs
  3 endoplasms
  5 goblins
  3 hobgoblins
  13 jackals
  3 quokkas
  7 ball pythons
  4 bats
  5 frilled lizards
  10 kobolds
  2 rats (D:1)
87 creatures vanquished.

Vanquished Creatures (collateral kills)
  An ice beast (D:5)
  A jelly (D:5)
  8 ballistomycete spores
10 creatures vanquished.

Vanquished Creatures (others)
  A ballistomycete spore (D:4)
  3 plants (D:2)
4 creatures vanquished.

Grand Total: 101 creatures vanquished

Notes
Turn   | Place    | Note
-------+----------+-------------------------------------------
     0 | D:1      | dolemite99 the Gnoll Monk began the quest for the Orb.
     0 | D:1      | Reached XP level 1. HP: 23/23 MP: 1/1
    33 | D:1      | Reached XP level 2. HP: 21/29 MP: 2/2
   655 | D:1      | Reached XP level 3. HP: 33/35 MP: 3/3
  1025 | D:1      | Found a faded altar of an unknown god.
  1063 | D:1      | Became a worshipper of Fedhas Madash
  1063 | D:1      | Reached * piety under Fedhas
  1063 | D:1      | Reached ** piety under Fedhas
  1116 | D:2      | Reached skill level 1 in Invocations
  1241 | D:2      | Reached skill level 1 in Short Blades
  1241 | D:2      | Reached skill level 1 in Axes
  1241 | D:2      | Reached skill level 1 in Maces & Flails
  1241 | D:2      | Reached skill level 1 in Polearms
  1241 | D:2      | Reached skill level 1 in Staves
  1241 | D:2      | Reached skill level 1 in Slings
  1241 | D:2      | Reached skill level 1 in Bows
  1241 | D:2      | Reached skill level 1 in Crossbows
  1241 | D:2      | Reached skill level 1 in Throwing
  1241 | D:2      | Reached skill level 1 in Armour
  1241 | D:2      | Reached skill level 1 in Shields
  1241 | D:2      | Reached skill level 1 in Unarmed Combat
  1241 | D:2      | Reached skill level 1 in Spellcasting
  1241 | D:2      | Reached skill level 1 in Evocations
  1386 | D:2      | Reached *** piety under Fedhas
  1387 | D:2      | Reached XP level 4. HP: 41/41 MP: 5/5
  2178 | D:3      | Noticed Natasha
  2340 | D:3      | Noticed a bullfrog
  2359 | D:3      | Killed a bullfrog
  2360 | D:3      | Reached skill level 1 in Conjurations
  2360 | D:3      | Reached skill level 1 in Hexes
  2360 | D:3      | Reached skill level 1 in Summonings
  2360 | D:3      | Reached skill level 1 in Necromancy
  2360 | D:3      | Reached skill level 1 in Translocations
  2360 | D:3      | Reached skill level 1 in Transmutations
  2360 | D:3      | Reached skill level 1 in Fire Magic
  2360 | D:3      | Reached skill level 1 in Ice Magic
  2360 | D:3      | Reached skill level 1 in Air Magic
  2360 | D:3      | Reached skill level 1 in Earth Magic
  2360 | D:3      | Reached skill level 1 in Poison Magic
  2360 | D:3      | Reached XP level 5. HP: 27/47 MP: 5/7
  2695 | D:3      | Noticed Sigmund
  2856 | D:4      | Reached XP level 6. HP: 53/53 MP: 5/8
  3195 | D:4      | Found a staircase to the Ecumenical Temple.
  3249 | D:4      | Found an ancient bone altar of Kikubaaqudgha.
  3680 | D:5      | Entered Level 5 of the Dungeon
  3680 | D:5      | Noticed an orc warrior
  3713 | D:5      | Killed an orc warrior
  3807 | D:5      | Noticed an ice beast
  3818 | D:5      | Killed an ice beast
  3819 | D:5      | Reached XP level 7. HP: 59/59 MP: 6/10
  4166 | D:5      | Noticed a wraith
  4211 | D:5      | Killed a wraith
  4871 | D:5      | Reached skill level 5 in Stealth
  5099 | D:5      | HP: 1/60 [ogre (13)]
  5100 | D:5      | Annihilated by an ogre

Illustrated notes

Levels and vault maps discovered:
D:1:      heliophobic_arrival_enchanted_forest, layout_basic,
          shapermc_ecumenical_altar_acropolis, minmay_curled_crystal
D:2:      layout_basic, serial_bayou_ford_a, minmay_indecisive_spiral
D:3:      layout_loops_ring, ebering_ghost_reflecting_pool, uniq_sigmund,
          uniq_natasha
D:4:      layout_basic, nicolae_kikubaaqudgha_miasma_corner,
          minmay_temple_entry_wispy
D:5:      minmay_bubble_buster, layout_basic

Skill      XL: |  1  2  3  4  5  6  7 |
---------------+----------------------+-----
Invocations    | 1 2 3 |  3.0
Short Blades   | 1 2 |  2.7
Axes           | 1 2 |  2.7
Maces & Flails | 1 2 |  2.7
Polearms       | 1 2 |  2.7
Staves         | 1 2 |  2.7
Slings         | 1 2 |  2.7
Bows           | 1 2 |  2.7
Crossbows      | 1 2 |  2.7
Throwing       | 1 2 |  2.7
Armour         | 1 2 |  2.7
Shields        | 1 2 |  2.7
Unarmed Combat | 1 2 |  2.7
Spellcasting   | 1 2 |  2.7
Evocations     | 1 2 |  2.7
Conjurations   | 1 2 |  2.2
Hexes          | 1 2 |  2.2
Summonings     | 1 2 |  2.2
Necromancy     | 1 2 |  2.2
Translocations | 1 2 |  2.2
Transmutations | 1 2 |  2.2
Fire Magic     | 1 2 |  2.2
Ice Magic      | 1 2 |  2.2
Air Magic      | 1 2 |  2.2
Earth Magic    | 1 2 |  2.2
Poison Magic   | 1 2 |  2.2
Fighting       | 7 |  7.1
Long Blades    | 7 |  7.1
Dodging        | 7 |  7.1
Stealth        | 5 |  5.0

Action                   |  1- 3 |  4- 6 |  7- 9 || total
-------------------------+-------+-------+-------++-------
Melee: Falchion          |    83 |   113 |   102 ||   298
       Bite              |     8 |    14 |    12 ||    34
       Punch             |       |       |     2 ||     2
Throw: Stone             |    28 |    33 |    13 ||    74
Invok: Grow Ballistomyce |       |     5 |       ||     5
       Wall of Briars    |       |     1 |     3 ||     4
  Use: Scroll            |       |     5 |     1 ||     6
       Potion            |       |       |     7 ||     7
 Stab: Sleeping          |     1 |     1 |       ||     2
Armor: Scale mail        |    21 |    43 |    34 ||    98
       Robe              |     1 |       |       ||     1
Dodge: Dodged            |    48 |    59 |    69 ||   176
Block: Other             |     4 |    26 |    28 ||    58
       Reflection        |       |       |     2 ||     2
       Rpst.: Falchion   |    14 |    14 |    28 ||    56
